 Dungeon Crawl Stone Soup version 0.23.0-2-g0fe3ce5905 (webtiles) character file.

Game seed: 9008320638068003153

261 paperworker the Skirmisher (level 6, -3/33 HPs)
             Began as a Vine Stalker Fighter on Feb 19, 2019.
             Slain by Purgy (4 damage)
             ... on level 4 of the Dungeon.
             The game lasted 00:03:17 (2426 turns).

paperworker the Skirmisher (Vine Stalker Fighter)   Turns: 2426, Time: 00:03:17

Health: -3/33      AC:  8    Str: 18    XL:     6   Next: 18%
Magic:  0/7        EV:  9    Int:  8    God:
Gold:   208        SH:  7    Dex: 16    Spells: 5/5 levels left

rFire    . . .     SeeInvis .   w - +1 dagger (elec)
rCold    . . .     Gourm    .   j - +0 buckler
rNeg     . . .     Faith    .   b - +0 scale mail
rPois    .         Spirit   +   (no helmet)
rElec    .         Reflect  +   o - +0 cloak
rCorr    .         Harm     .   s - +0 pair of gloves
MR       .....                  (no boots)
Stlth    ..........             t - +2 amulet of reflection
HPRegen  0.51/turn              (no ring)
MPRegen  0.10/turn              (no ring)

@: no status effects
A: fangs 2, regeneration 1, magic shield, antimagic bite, no potion heal 3, rot
immunity
a: no special abilities


You were on level 4 of the Dungeon.
You were not hungry.

You visited 1 branch of the dungeon, and saw 4 of its levels.

You collected 208 gold pieces.

Inventory:

Hand Weapons
 a - a +0 rapier
 w - a +1 dagger of electrocution (weapon)
Armour
 b - a +0 scale mail (worn)
 c - a +0 shield
 j - a +0 buckler (worn)
 o - a +0 cloak (worn)
 s - a +0 pair of gloves (worn)
Jewellery
 t - a +2 amulet of reflection (around neck)
 u - a cursed -4 ring of protection {unknown}
Scrolls
 h - 2 scrolls of magic mapping {unknown}
 l - 4 scrolls of remove curse {unknown}
 m - a scroll of teleportation {unknown}
 n - 3 scrolls of amnesia {unknown}
 q - a scroll of identify {unknown}
 r - a scroll of immolation {unknown}
 y - a scroll of blinking {unknown}
Potions
 d - a potion of might
 e - 2 potions of curing {unknown}
 g - 2 potions of lignification {unknown}
 i - a potion of ambrosia {unknown}
 p - 2 potions of resistance {unknown}
 v - a potion of heal wounds {unknown}
 x - 2 potions of agility {unknown}
Comestibles
 f - 8 rations
 k - a chunk of flesh


   Skills:
 + Level 4.1 Fighting
 + Level 3.5 Short Blades
 - Level 2.4 Armour
 + Level 4.1 Shields


You had 5 spell levels left.
You didn't know any spells.
Your spell library was empty.

Dungeon Overview and Level Annotations

Branches:
Dungeon (4/15)
 Temple: D:4-7

Altars:
Ashenzari
Gozag
Hepliaklqana
Makhleb
Nemelex Xobeh

Shops:
D:4 [

Annotations:
D:4 Grinder, Purgy


Innate Abilities, Weirdness & Mutations

You have extremely sharp teeth.
Your natural rate of healing is unusually fast.
When hurt, damage is shared between your health and your magic reserves.
Your bite disrupts and absorbs the magic of your enemies.
Potions cannot restore your health.
You are immune to rotting.


Message History

Purgy bites you.
Purgy claws you but does no damage. x2; Grinder hits you.
* * * LOW HITPOINT WARNING * * *
Purgy bites you.
* * * LOW HITPOINT WARNING * * *
Purgy claws you but does no damage. x2; Grinder falters for a moment.
Purgy bites you.
* * * LOW HITPOINT WARNING * * *
Purgy claws you.
* * * LOW HITPOINT WARNING * * *
Purgy barely misses you.
Grinder falters for a moment.
Purgy bites you but does no damage. Purgy claws you but does no damage. x2
Grinder falters for a moment.
Purgy bites you.
* * * LOW HITPOINT WARNING * * *
Purgy claws you but does no damage. x2; Grinder hits you but does no damage.
You can move again.
Unknown command.
Unknown command.
You hit Grinder. You bite Grinder, but do no damage. Purgy bites you.
You die...

#......# #......#
#......# #......#
#......# +##......#
.........######+###
........T5........#
...######@......(<#
. #....'.........+
#..............#
#.###+###.....)# #
#≈≈.§§#......#
..8.#..
#§≈§§§#......#####
....#..
+.§_.§'.##.......#
_..... ..
#≈≈.≈≈#.>#.......#
....#.....#
#≈≈^≈≈#..#.......#


You could see Grinder and Purgy.

Vanquished Creatures
  Menkaure (D:4)
  An iguana (D:3)
  3 gnolls (D:3)
  2 adders (D:3)
  An ooze (D:2)
  2 worms (D:3)
  3 dart slugs
  A leopard gecko (D:4)
  An orc (D:3)
  3 giant cockroaches
  10 hobgoblins
  4 jackals (D:1)
  8 kobolds
  3 quokkas
  5 bats
  5 goblins
  A rat (D:1)
54 creatures vanquished.

Notes
Turn   | Place    | Note
-------+----------+-------------------------------------------
     0 | D:1      | paperworker the Vine Stalker Fighter began the quest for
                  | the Orb.
     0 | D:1      | Reached XP level 1. HP: 11/11 MP: 2/2
   235 | D:1      | Reached XP level 2. HP: 13/16 MP: 3/3
   884 | D:2      | Reached XP level 3. HP: 20/20 MP: 4/4
  1016 | D:2      | Found a burning altar of Makhleb.
  1062 | D:2      | Found a sparkling altar of Nemelex Xobeh.
  1718 | D:3      | Gained mutation: Your natural rate of healing is unusually
                  | fast. [Vine Stalker growth]
  1718 | D:3      | Reached XP level 4. HP: 15/24 MP: 3/5
  1786 | D:3      | Found a hazy altar of Hepliaklqana.
  2159 | D:3      | Reached XP level 5. HP: 29/29 MP: 6/6
  2297 | D:4      | Found Bucipt's Antique Armour Shoppe.
  2316 | D:4      | Found an opulent altar of Gozag.
  2335 | D:4      | Noticed Menkaure
  2355 | D:4      | Killed Menkaure
  2355 | D:4      | Reached XP level 6. HP: 29/33 MP: 7/7
  2391 | D:4      | Found a shattered altar of Ashenzari.
  2406 | D:4      | Noticed Grinder
  2410 | D:4      | Noticed Purgy
  2419 | D:4      | Paralysed by Grinder for 7 turns
  2425 | D:4      | HP: 1/33 [Purgy (4)]
  2426 | D:4      | Slain by Purgy

Skill      XL: |  1  2  3  4  5 |
---------------+----------------+-----
Short Blades   | 2 3 |  3.5
Fighting       | 3 4 |  4.1
Shields        | 3 4 |  4.1
Armour         | |  2.4

Action                   |  1- 3 |  4- 6 || total
-------------------------+-------+-------++-------
Melee: Rapier            |    98 |    52 ||   150
       Bite              |    25 |    24 ||    49
       Dagger            |       |    24 ||    24
  Eat: Chunk             |     2 |     3 ||     5
Armor: Scale mail        |    47 |    31 ||    78
Dodge: Dodged            |    33 |    23 ||    56
Block: Shield            |    18 |       ||    18
       Buckler           |    12 |    26 ||    38
